 Dungeon Crawl Stone Soup version 0.27-a0-1189-gb8eb6cee8e (webtiles) character file.

Game seed: 13187348460364013418

9031 Glokmah the Spear-Bearer (level 11, -3/86 HPs)
             Began as a Merfolk Gladiator on May 23, 2021.
             Was an Elder of Dithmenos.
             Slain by a two-headed ogre
             ... wielding a +0 giant club
              (14 damage)
             ... on level 9 of the Dungeon.
             The game lasted 00:27:51 (11233 turns).

Glokmah the Spear-Bearer (Merfolk Gladiator)       Turns: 11233, Time: 00:27:52

Health: -3/86      AC: 10    Str: 14    XL:     11   Next: 40%
Magic:  15/15      EV: 15    Int: 15    God:    Dithmenos [****..]
Gold:   493        SH:  5    Dex: 24    Spells: 7/15 levels left

rFire    + . .     SeeInvis .   a - +7 spear of Rotten Integrity {vorpal, rF+ Dex+6}
rCold    . . .     Faith    .   (no shield)
rNeg     . . .     Spirit   .   o - +2 robe {Will+}
rPois    .         Reflect  +   c - +1 helmet
rElec    .         Harm     .   C - +0 cloak
rCorr    +         Rampage  .   g - +2 pair of gloves {Stlth+}
Will     +....                  (no boots)
Stlth    ++++++++..             e - amulet of reflection
HPRegen  0.24/turn              l - ring of resist corrosion
MPRegen  0.14/turn              t - +6 ring of intelligence

@: wreathed by umbra
A: (nimble swimmer 2), mertail
a: Renounce Religion, Shadow Step


You were on level 9 of the Dungeon.
You worshipped Dithmenos.
Dithmenos was greatly pleased with you.
You visited 1 branch of the dungeon, and saw 10 of its levels.

You collected 493 gold pieces.

Inventory:

Hand Weapons
 a - the +7 spear of Rotten Integrity (weapon) {vorpal, rF+ Dex+6}
   (You found it on level 4 of the Dungeon)

   It inflicts extra damage upon your enemies.
   It affects your dexterity (+6).
   It protects you from fire.
 b - a +2 rapier of electrocution
Missiles
 d - 4 throwing nets
 f - 50 poisoned darts (quivered)
 x - 5 atropa-tipped darts
Armour
 c - a +1 helmet (worn)
 g - a +2 pair of gloves of stealth (worn)
 o - a +2 robe of willpower (worn)
 y - a +2 buckler
 C - a +0 cloak (worn)
Jewellery
 e - an amulet of reflection (around neck)
 l - a ring of resist corrosion (left hand)
 t - a +6 ring of intelligence (right hand)
Wands
 h - a wand of digging (1)
 p - a wand of paralysis (13)
 q - a wand of flame (22)
 w - a wand of polymorph (4)
 z - a wand of acid (4)
Scrolls
 m - 6 scrolls of identify
 n - a scroll of vulnerability
 u - 2 scrolls of noise
Potions
 j - a potion of resistance
 k - 3 potions of flight
 r - 2 potions of attraction
 s - 4 potions of curing
 v - 2 potions of lignification
 B - a potion of cancellation


   Skills:
 + Level 7.8 Fighting
 * Level 11.2 Short Blades
 - Level 12.5 Polearms
 - Level 2.0 Throwing
 - Level 4.0 Dodging
 - Level 8.0 Stealth
 + Level 2.7 Spellcasting
 * Level 3.4 Conjurations
 * Level 1.4 Translocations
 * Level 2.5 Fire Magic


You had 7 spell levels left.
You knew the following spells:

 Your Spells              Type           Power      Damage    Failure   Level
a - Conjure Flame         Conj/Fire      11%        6-21      19%         3
b - Blink                 Tloc           N/A        N/A       17%         2
c - Mephitic Cloud        Conj/Pois/Air  5%         N/A       36%         3

Your spell library contained the following spells:

 Spells                   Type           Power      Damage    Failure   Level
 Magic Dart               Conj           48%        1d5       4%          1
 Foxfire                  Conj/Fire      44%        2x1d6     6%          1
 Call Imp                 Summ           2%         N/A       30%         2
 Slow                     Hex            2%         N/A       30%         2
 Inner Flame              Hex/Fire       5%         N/A       36%         3
 Sticky Flame             Conj/Fire      11%        2d3       52%         4
 Fireball                 Conj/Fire      5%         3d5       86%         5


Dungeon Overview and Level Annotations

Branches:
Dungeon (10/15)            Temple (0/1) D:5
   Lair: D:8-11         Orc: D:9-12

Altars:
Ashenzari
Cheibriados
Dithmenos
Elyvilon
Nemelex Xobeh
Sif Muna
Trog
Xom
Yredelemnul
The Shining One


Innate Abilities, Weirdness & Mutations

((You are quick and stealthy near water. (Stealth+, EV+, Speed+++)))
Your lower body shifts to a powerful aquatic tail in water.


Message History

The poisoned dart hits the two-headed ogre.
The two-headed ogre is poisoned.
Throw: 51 darts (poison)
Press: ? - help, Q - select action, (/) - cycle Shift-Dir - straight line, f/p - two-headed ogre
Aim: a two-headed ogre, wielding two +0 giant clubs (lightly wounded, poisoned, umbra, 80% to hit)
You throw a poisoned dart.
The poisoned dart barely misses the two-headed ogre.
The two-headed ogre hits you with a +0 giant club!!
The two-headed ogre completely misses you.
You climb upwards.
There is a stone staircase leading down here.
You hit the two-headed ogre.
The two-headed ogre is lightly wounded.
You hit the two-headed ogre.
The two-headed ogre is moderately wounded.
The two-headed ogre closely misses you. The two-headed ogre barely misses you.
You hit the two-headed ogre.
The two-headed ogre is moderately wounded.
You barely miss the two-headed ogre.
The two-headed ogre is moderately wounded.
The two-headed ogre completely misses you.
The two-headed ogre hits you with a +0 giant club!
You hit the two-headed ogre.
The two-headed ogre is moderately wounded.
You puncture the two-headed ogre!
The two-headed ogre is heavily wounded.
You hit the two-headed ogre.
The two-headed ogre is severely wounded.
Your shadow completely misses the two-headed ogre.
The two-headed ogre hits you with a +0 giant club! x2
You hit the two-headed ogre.
The two-headed ogre is severely wounded.
You hit the two-headed ogre.
The two-headed ogre is severely wounded.
You hit the two-headed ogre but do no damage.
The two-headed ogre is almost dead.
The two-headed ogre hits you with a +0 giant club!!
* * * LOW HITPOINT WARNING * * *
The two-headed ogre hits you with a +0 giant club!
You die...

##............
##............#
##.............#
##..............#
##................
#.................
#.................
#>)...............
#@O...............
#>................
#†................
#.................
##................
##..............#
##.....[.......#
##............#
##............


You could see a two-headed ogre (poisoned).

Vanquished Creatures
  Erica (D:9)
  2 two-headed ogres
  Pikel (D:7)
  The ghost of DasRunzen the Slasher, an amateur DgGl (D:4)
  The ghost of MeekVeins the Chopper, an amateur PaFi (D:3)
  Grinder (D:4)
  Sigmund (D:4)
  13 yaks
  A wraith (D:9)
  Grum (D:9)
  A water moccasin (D:7)
  A necrophage (D:5)
  A black bear (D:6)
  2 wolves (D:8)
  2 centaurs
  An ogre (D:3)
  A phantom (D:5)
  2 kobold brigands
  2 bullfrogs
  A wyvern zombie (D:7)
  3 scorpions
  A water moccasin zombie (D:9)
  29 killer bees
  5 electric eels (D:9)
  A howler monkey (D:3)
  A bullfrog zombie (D:4)
  5 centaur zombies
  2 jellies
  A hound (D:5)
  3 orc priests
  A gnoll shaman (D:6)
  A bullfrog skeleton (D:7)
  A centaur skeleton (D:7)
  3 iguanas
  Natasha (thrice) (D:4)
  3 orc wizards (D:8)
  A killer bee zombie (D:5)
  A mummy (D:5)
  2 howler monkey zombies
  12 gnolls
  4 adders
  A shadow imp (D:8)
  2 ufetubi (D:5)
  A worm (D:2)
  A dart slug (D:3)
  11 orcs
  9 ball pythons
  6 endoplasms
  2 giant cockroaches
  6 goblins
  4 hobgoblins
  8 jackals
  3 quokkas
  10 bats
  4 frilled lizards
  A hobgoblin zombie (D:5)
  14 kobolds
  2 kobold zombies (D:5)
  An orc zombie (D:5)
  8 rats
214 creatures vanquished.

Vanquished Creatures (others)
  4 plants
  9 withered plants
13 creatures vanquished.

Grand Total: 227 creatures vanquished

Notes
Turn   | Place    | Note
-------+----------+-------------------------------------------
     0 | D:1      | Glokmah the Merfolk Gladiator began the quest for the Orb.
     0 | D:1      | Reached XP level 1. HP: 16/16 MP: 1/1
   129 | D:1      | Found a faded altar of an unknown god.
   139 | D:1      | Reached XP level 2. HP: 23/23 MP: 2/2
   155 | D:1      | Became a worshipper of Dithmenos the Shadowed
   155 | D:1      | Reached * piety under Dithmenos
   177 | D:1      | Reached skill level 5 in Polearms
  1176 | D:2      | Reached XP level 3. HP: 28/28 MP: 3/3
  1408 | D:2      | Reached skill level 1 in Short Blades
  2058 | D:3      | Reached XP level 4. HP: 34/34 MP: 4/4
  2106 | D:3      | Reached ** piety under Dithmenos
  2107 | D:3      | Reached skill level 6 in Polearms
  2107 | D:3      | Reached skill level 1 in Stealth
  2544 | D:3      | Reached XP level 5. HP: 41/41 MP: 5/5
  2590 | D:3      | Found a sparkling altar of Nemelex Xobeh.
  2592 | D:3      | Found a bloodstained altar of Trog.
  2598 | D:3      | Found a shimmering blue altar of Sif Muna.
  2598 | D:3      | Found a glowing golden altar of the Shining One.
  2599 | D:3      | Found a shimmering altar of Xom.
  2654 | D:4      | Noticed an ogre
  2853 | D:4      | Learned a level 3 spell: Conjure Flame
  2857 | D:4      | Identified the +1 ring mail of Holuoff {Int-3 Dex+5}
  2880 | D:4      | You fall into a shaft and drop 1 floor!
  2880 | D:5      | Entered Level 5 of the Dungeon
  2895 | D:5      | Found a staircase to the Ecumenical Temple.
  3029 | D:4      | Identified the +7 quarterstaff "Ukinergh" {speed, Fragile
                  | +Rage rPois rCorr}
  3205 | D:4      | Reached XP level 6. HP: 41/47 MP: 6/6
  3208 | D:4      | Identified the +7 spear of Rotten Integrity {vorpal, rF+
                  | Dex+6}
  3314 | D:4      | Noticed Sigmund
  3341 | D:4      | Killed Sigmund
  3342 | D:4      | Reached skill level 7 in Polearms
  3471 | D:4      | Noticed Grinder
  3473 | D:4      | Noticed Natasha
  3498 | D:4      | Killed Grinder
  3499 | D:4      | Reached skill level 8 in Polearms
  3499 | D:4      | Reached XP level 7. HP: 44/54 MP: 7/7
  3559 | D:4      | Killed Natasha
  3567 | D:4      | Found a runed translucent gate.
  3568 | D:4      | Found a runed translucent gate.
  3569 | D:4      | Found a runed translucent gate.
  3570 | D:4      | Noticed MeekVeins's ghost (amateur PaFi)
  3570 | D:4      | Noticed DasRunzen's ghost (amateur DgGl)
  3648 | D:4      | Noticed Natasha
  3655 | D:4      | Killed Natasha
  3666 | D:4      | Noticed Natasha
  3677 | D:4      | Killed Natasha
  3678 | D:4      | Reached skill level 5 in Short Blades
  3864 | D:3      | Killed MeekVeins's ghost
  3865 | D:3      | Reached XP level 8. HP: 31/61 MP: 8/8
  4028 | D:4      | Killed DasRunzen's ghost
  4029 | D:4      | Reached skill level 9 in Polearms
  4416 | D:5      | Reached *** piety under Dithmenos
  4417 | D:5      | Reached skill level 5 in Fighting
  4498 | D:5      | Found a shadowy altar of Dithmenos.
  4528 | D:5      | Found a broken altar of Ashenzari.
  4628 | D:5      | Reached skill level 10 in Polearms
  4812 | D:5      | Reached skill level 5 in Stealth
  4812 | D:5      | Reached XP level 9. HP: 68/68 MP: 9/9
  5480 | D:6      | Reached skill level 11 in Polearms
  5952 | D:7      | Noticed Pikel
  5971 | D:7      | Killed Pikel
  6013 | D:7      | Reached **** piety under Dithmenos
  6138 | D:7      | Found a basalt altar of Yredelemnul.
  6216 | D:7      | Reached skill level 12 in Polearms
  6826 | D:8      | Reached XP level 10. HP: 66/77 MP: 10/10
  7006 | D:8      | Found a snail-covered altar of Cheibriados.
  7006 | D:8      | Found a white marble altar of Elyvilon.
  7377 | D:8      | Noticed a two-headed ogre
  7900 | D:8      | Killed a two-headed ogre
  7901 | D:8      | Reached skill level 10 in Short Blades
  7901 | D:8      | Reached skill level 1 in Spellcasting
  7901 | D:8      | Reached skill level 1 in Conjurations
  7901 | D:8      | Reached skill level 1 in Fire Magic
  8804 | D:9      | Learned a level 2 spell: Blink
  8900 | D:9      | Noticed Grum
  9640 | D:9      | Noticed Erica
  9673 | D:9      | Reached XP level 11. HP: 82/84 MP: 14/14
 10068 | D:9      | Killed Grum
 10364 | D:9      | Killed Erica
 10464 | D:10     | Entered Level 10 of the Dungeon
 10488 | D:10     | Reached skill level 1 in Translocations
 10859 | D:10     | Noticed a two-headed ogre
 10867 | D:9      | Killed a two-headed ogre
 10874 | D:9      | Learned a level 3 spell: Mephitic Cloud
 11206 | D:10     | Noticed a two-headed ogre
 11233 | D:9      | Slain by a two-headed ogre

Illustrated notes

Levels and vault maps discovered:
D:1:      ebering_hopf_link, layout_basic, shapermc_ecumenical_altar_flowoftime
D:2:      layout_loops_cross
D:3:      layout_basic, minitemple, hex_intersection
D:4:      layout_cave_pools, gammafunk_ghost_cemetery, dk_noncrumbling_4,
          uniq_sigmund, uniq_natasha, uniq_grinder
D:5:      layout_loops_ring, lemuel_doored_altar, pf_just_have_faith,
          minmay_temple_entry_offerings, minmay_mini_ossuary
D:6:      layout_basic
D:7:      layout_loops_ring, old_standard_altar, uniq_pikel
D:8:      layout_basic, chequers_temple_overflow_statue_of_worship
D:9:      layout_big_octagon, chequers_big_river, uniq_grum, uniq_erica
D:10:     layout_layer_cave, chequers_serial_rivers_large_b, minivault_15,
          minivault_7

Skill      XL: |  1  2  3  4  5  6  7  8  9 10 11 |
---------------+----------------------------------+-----
Polearms       | 5 6 8 10 12 | 12.5
Short Blades   | 1 2 3 4 5 7 9 10 11 | 11.2
Fighting       | 3 4 5 6 7 |  7.8
Stealth        | 1 2 3 5 6 7 8 |  8.0
Spellcasting   | 2 |  2.7
Conjurations   | 2 3 |  3.4
Fire Magic     | 2 |  2.5
Translocations | 1 |  1.4
Throwing       | |  2.0
Dodging        | |  4.0

Action                   |  1- 3 |  4- 6 |  7- 9 | 10-12 || total
-------------------------+-------+-------+-------+-------++-------
Melee: Trident           |   143 |    75 |       |       ||   218
       Dagger            |       |     3 |       |       ||     3
       Spear             |       |    19 |   237 |   293 ||   549
       Rapier            |       |     1 |     3 |    57 ||    61
       Tailslap          |       |       |       |     5 ||     5
Throw: Dart              |       |     5 |       |     7 ||    12
Invok: Shadow Step       |       |       |       |     2 ||     2
  Use: Scroll            |     5 |     1 |    10 |     6 ||    22
       Potion            |       |       |       |     3 ||     3
 Stab: Sleeping          |     6 |     9 |    18 |    11 ||    44
       Distracted        |     1 |       |     3 |     4 ||     8
Armor: Leather armour    |    32 |    19 |    29 |    60 ||   140
       Robe              |       |       |       |    17 ||    17
Dodge: Dodged            |    70 |    48 |    64 |   203 ||   385
Block: Other             |       |       |    10 |    58 ||    68
       Reflection        |       |       |       |     2 ||     2

Table legend: (Time is in decaauts)
 A = Elapsed time spent in this place.
 B = Non-inter-level travel time spent in this place.
 C = Inter-level travel time spent in this place.
 D = Time resting spent in this place.
 E = Time spent auto-exploring this place.
 F = Levels seen in this place.
 G = Mean time per level.
                   A        B        C        D        E       F      G
               +--------+--------+--------+--------+--------+-----+--------+
         Total |  10956 |   9927 |   1029 |   2277 |   4918 |  10 | 1095.6 |
       Dungeon |  10956 |   9927 |   1029 |   2277 |   4918 |  10 | 1095.6 |
               +--------+--------+--------+--------+--------+-----+--------+

Top non-repeatable levels by time:
     D:8: 1931 daAuts
     D:9: 1837 daAuts
     D:3: 1261 daAuts
     D:7: 1111 daAuts
     D:1: 1071 daAuts
     D:4: 1014 daAuts
     D:5: 929 daAuts
     D:2: 905 daAuts
     D:6: 625 daAuts
    D:10: 269 daAuts
